 Dungeon Crawl Stone Soup version 0.23.2-1-ga50397a (webtiles) character file.

Game seed: 6708347715344297883

19 MalarOregon the Grasshopper (level 2, 0/25 HPs)
             Began as a Ghoul Warper on May 26, 2019.
             Slain by a jackal (1 damage)
             ... on level 1 of the Dungeon.
             The game lasted 00:02:19 (1132 turns).

MalarOregon the Grasshopper (Ghoul Warper)          Turns: 1132, Time: 00:02:20

Health: 0/25       AC:  3    Str: 19    XL:     2   Next: 75%
Magic:  4/4        EV: 12    Int:  8    God:
Gold:   25         SH:  0    Dex:  8    Spells: 5/5 levels left

rFire    . . .     SeeInvis .   a - +0 short sword
rCold    + . .     Gourm    .   (no shield)
rNeg     + + +     Faith    .   b - +0 leather armour
rPois    ∞         Spirit   .   (no helmet)
rElec    .         Reflect  .   (no cloak)
rCorr    .         Harm     .   (no gloves)
MR       .....                  (no boots)
Stlth    +.........             (no amulet)
HPRegen  0.00/turn              (no ring)
MPRegen  0.09/turn              (no ring)

@: mighty, rotting
A: rotting body, claws 1, carnivore, cold resistance 1, negative energy
resistance 3, inhibited regeneration, torment resistance, unbreathing
a: no special abilities


You were on level 1 of the Dungeon.
You were not hungry.

You visited 1 branch of the dungeon, and saw 2 of its levels.

You collected 25 gold pieces.

Inventory:

Hand Weapons
 a - a +0 short sword (weapon)
Missiles
 f - 2 tomahawks of dispersal (quivered) {!f}
Armour
 b - a +0 leather armour (worn)
Scrolls
 d - a scroll of blinking
 l - a scroll of identify {unknown}
Potions
 c - a potion of haste {unknown}
 g - a potion of might
 h - a potion of heal wounds {unknown}
 i - a potion of curing {unknown}
 k - a potion of agility {unknown}
Comestibles
 e - a ration {!d}


   Skills:
 + Level 2.6 Fighting
 + Level 2.1 Short Blades
 - Level 1.0 Throwing
 - Level 1.0 Armour
 - Level 2.0 Dodging
 - Level 2.0 Spellcasting
   Level 2.6 Translocations


You had 5 spell levels left.
You didn't know any spells.
Your spell library contained the following spells:

 Spells                   Type           Power        Failure   Level  Hunger
 Blink                    Tloc           N/A          22%         2    ###....
 Shroud of Golubria       Chrm/Tloc      #.........   36%         2    ###....
 Gell's Gravitas          Tloc           #.........   38%         3    ####...
 Lesser Beckoning         Tloc           #.........   38%         3    ####...
 Teleport Other           Tloc           #.......     38%         3    ####...
 Passage of Golubria      Tloc           N/A          80%         4    #####..


Dungeon Overview and Level Annotations

Branches:
Dungeon (2/15)

Altars:
Kikubaaqudgha

Annotations:
D:1 Terence


Innate Abilities, Weirdness & Mutations

Your body is rotting away.
You thrive on raw meat.
You are immune to poison.
You have sharp fingernails.
You are carnivorous and can eat meat at any time.
Your flesh is cold resistant. (rC+)
You are immune to negative energy. (rN+++)
You do not regenerate when monsters are visible.
You are immune to unholy pain and torment.
You can survive without breathing.


Message History

There is a stone staircase leading down here.
You climb downwards.
A frilled lizard, 2 jackals, a giant cockroach and a gnoll come into view.
The jackal barks! x2; You hear a bark!
You hear a shout! x2
A jackal comes into view.
Found a bone wand, a scroll labeled XUUBLY XITWOAL and 20 gold pieces.
Found an ancient bone altar of Kikubaaqudgha.
Found an escape hatch in the ceiling.
There is a stone staircase leading up here.
The bat barely misses you. The jackal barely misses you.
The bat hits you but does no damage. The bat misses you.
The bat hits you but does no damage. The bat hits you but does no damage.
There is a stone staircase leading up here.
You closely miss the jackal. The jackal bites you.
* * * LOW HITPOINT WARNING * * *
You closely miss the jackal. The jackal bites you.
* * * LOW HITPOINT WARNING * * *
The jackal barely misses you.
Okay, then.
You hit the jackal. The jackal bites you.
* * * LOW HITPOINT WARNING * * *
You hit the jackal. The jackal closely misses you.
You barely miss the jackal. The jackal misses you. The jackal bites you.
* * * LOW HITPOINT WARNING * * *
You hit the jackal.
You kill the jackal!
You barely miss the jackal. The jackal closely misses you.
You hit the jackal but do no damage. The jackal barely misses you.
The jackal misses you.
You barely miss the jackal. The jackal barely misses you.
You hit the jackal but do no damage. The jackal bites you.
* * * LOW HITPOINT WARNING * * *
You miss the jackal.
The jackal bites you but does no damage.
The jackal closely misses you. The jackal misses you.
You climb upwards.
Level annotation: Terence
There is a stone staircase leading down here.
You closely miss the jackal.
The jackal bites you but does no damage.
The jackal bites you.
* * * LOW HITPOINT WARNING * * *
You aren't carrying any items that you can evoke.
It was a potion of might.
You feel very mighty all of a sudden. The jackal bites you.
You die...

#........)..................##
#.........#####.............##
#............#................
#.........##.#................
###########.....##............
##....................
#................###.#
#########................# #.#
##......##(..h@...........# #.#
##(.......#................###.#
#..............................#
#..........................#####
#.>@......................##
#..........##.....##.......#####
#..........###############......
##...[....## ######.
#........).# ##


You could see a jackal.

Vanquished Creatures
  2 leopard geckos (D:1)
  6 bats (D:1)
  A hobgoblin (D:1)
  3 jackals
  A frilled lizard (D:1)
  A goblin (D:1)
  A kobold (D:1)
  3 rats (D:1)
18 creatures vanquished.

Notes
Turn   | Place    | Note
-------+----------+-------------------------------------------
     0 | D:1      | MalarOregon the Ghoul Warper began the quest for the Orb.
     0 | D:1      | Reached XP level 1. HP: 17/17 MP: 2/2
   347 | D:1      | Reached skill level 1 in Throwing
   347 | D:1      | Reached skill level 1 in Armour
   369 | D:1      | Reached XP level 2. HP: 6/25 MP: 3/3
  1080 | D:2      | Noticed Terence
  1108 | D:2      | Found an ancient bone altar of Kikubaaqudgha.
  1131 | D:1      | HP: 1/25 [jackal (3)]
  1132 | D:1      | Slain by a jackal

Skill      XL: |  1  2 |
---------------+-------+-----
Throwing       | 1 |  1.0
Armour         | 1 |  1.0
Dodging        | 2 |  2.0
Short Blades   | 2 |  2.1
Spellcasting   | 2 |  2.0
Fighting       | |  2.6
Translocations | |  2.6

Action                   || total
-------------------------++-------
Melee: Short sword       ||   101
Throw: Tomahawk          ||     3
  Use: Potion            ||     1
  Eat: Ration            ||     1
       Chunk             ||     4
Armor: Leather armour    ||    51
Dodge: Dodged            ||    92
